 Dungeon Crawl Stone Soup version 0.28.0-43-g3370ac3207 (webtiles) character file.

Game seed: 17875586192037862664

417 Peloso the Covered (level 6, -10/56 HPs)
             Began as a Minotaur Fighter on Mar 29, 2022.
             Mangled by an ogre
             ... wielding a +0 giant spiked club
              (31 damage)
             ... on level 5 of the Dungeon.
             The game lasted 00:05:06 (4154 turns).

Peloso the Covered (Minotaur Fighter)               Turns: 4154, Time: 00:05:07

Health: -10/56     AC:  8    Str: 20    XL:     6   Next: 61%
Magic:  5/5        EV: 10    Int:  5    God:
Gold:   257        SH:  5    Dex: 18    Spells: 5/5 levels left

rFire   . . .      SeeInvis .   a - +0 long sword
rCold   . . .      Faith    .   c - +0 buckler
rNeg    . . .      Spirit   .   b - +0 scale mail
rPois   .          Reflect  .   (helmet restricted)
rElec   .          Harm     .   (no cloak)
rCorr   .          Rampage  .   (no gloves)
Will    .....                   k - +0 pair of boots
Stlth   +.........              (no amulet)
HPRegen 0.18/turn               i - +6 ring of dexterity
MPRegen 0.09/turn               (no ring)

@: no status effects
A: horns 2, retaliatory headbutt
a: no special abilities


You were on level 5 of the Dungeon.
You visited 1 branch of the dungeon, and saw 5 of its levels.
You also visited: Sewer.

You collected 257 gold pieces.

Inventory:

Hand Weapons
 a - a +0 long sword (weapon)
Armour
 b - a +0 scale mail (worn)
 c - a +0 buckler (worn)
 k - a +0 pair of boots (worn)
Jewellery
 i - a +6 ring of dexterity (left hand)
Scrolls
 e - a scroll of noise {unknown}
 f - a scroll of fog {unknown}
 h - 4 scrolls of teleportation
 p - a scroll of enchant armour {unknown}
 q - a scroll of identify
 r - a scroll of brand weapon {unknown}
Potions
 d - 3 potions of might
 g - a potion of mutation
 j - 3 potions of cancellation
 l - 3 potions of heal wounds
 m - 2 potions of curing
 n - 2 potions of lignification {unknown}
 o - 2 potions of flight


   Skills:
 + Level 5.0 Fighting
 + Level 5.1 Long Blades
 + Level 6.0 Armour
 + Level 1.1 Dodging
 + Level 0.8 Stealth
 + Level 4.4 Shields


You had 5 spell levels left.
You didn't know any spells.
Your spell library contained the following spells:

 Spells                   Type           Power      Damage    Failure   Level
 Magic Dart               Conj           0%         1d3       88%         1
 Searing Ray              Conj           0%         2d4       95%         2
 Fulminant Prism          Conj/Hex       0%         3d6       100%        4


Dungeon Overview and Level Annotations

Branches:
Dungeon (5/15)              Sewer (visited)
 Temple: D:4-7

Altars:
Cheibriados

Shops:
D:4 *


Innate Abilities, Weirdness & Mutations

You have a pair of horns on your head.
You reflexively headbutt those who attack you in melee.


Message History

d - 3 potions of might (gained 1)
You now have 244 gold pieces (gained 13).
An adder comes into view.
The adder hisses angrily.
An adder is nearby!
An adder is nearby!
An adder is nearby!
An adder is nearby!
Found a stone staircase leading up.
Found 13 gold pieces.
You slash the adder! You headbutt the adder.
You kill the adder!
Your Armour skill increases to level 6!
You now have 257 gold pieces (gained 13).
You open the door.
There is an open door here.
You open the door.
Found a cloak.
Found a stone staircase leading down.
There is an open door here.
There is an open door here.
There is an open door here.
As you open the door, it creaks loudly!
You hear a shout!
An ogre comes into view. It is wielding a +0 giant spiked club.
The ogre shouts!
The ogre moves out of view.
There is an open door here.
You hit the ogre.
The ogre is lightly wounded.
The ogre hits you with a +0 giant spiked club!
You slash the ogre! You headbutt the ogre.
The ogre is moderately wounded.
You block the ogre's attack.
You hit the ogre.
The ogre is heavily wounded.
The ogre hits you with a +0 giant spiked club!!
You hit the ogre but do no damage.
The ogre is heavily wounded.
The ogre hits you with a +0 giant spiked club!!
Ouch! That really hurt!
You die...

....#........#...#
....'...<....#...#
....#........#...#.......
....#........#...#.......
.####....##.##...#.......
+##########.##...#.......
..+..............#.O.....
..#..............#.......
..#.............@#.......
..#..............O.......
###......##......#.......
###......#########.......
..........# #######
..........# ..........#
..........+ ..........#


You could see an ogre.

Vanquished Creatures
  A necrophage (D:4)
  A centaur (D:5)
  A kobold brigand (Sewer)
  A hound (D:4)
  3 gnolls (D:4)
  5 adders
  2 river rats (Sewer)
  2 worms (D:3)
  2 orcs
  7 ball pythons
  2 endoplasms (D:2)
  A giant cockroach (D:2)
  11 goblins
  2 hobgoblins (D:1)
  4 jackals
  A quokka (D:3)
  6 bats
  A frilled lizard (D:1)
  7 kobolds
  9 rats
69 creatures vanquished.

Vanquished Creatures (others)
  A plant (D:1)
1 creature vanquished.

Grand Total: 70 creatures vanquished

Notes
Turn   | Place    | Note
-------+----------+-------------------------------------------
     0 | D:1      | Peloso the Minotaur Fighter began the quest for the Orb.
     0 | D:1      | Reached XP level 1. HP: 19/19 MP: 0/0
   760 | D:1      | Found a faded altar of an unknown god.
  1047 | D:2      | Reached skill level 4 in Armour
  1047 | D:2      | Reached XP level 2. HP: 27/27 MP: 1/1
  1122 | D:2      | Reached XP level 3. HP: 33/33 MP: 2/2
  1583 | D:3      | Found a snail-covered altar of Cheibriados.
  2673 | D:4      | Reached XP level 4. HP: 40/40 MP: 3/3
  2739 | D:4      | Noticed a necrophage
  2745 | D:4      | Killed a necrophage
  2746 | D:4      | Reached skill level 5 in Armour
  2746 | D:4      | Reached XP level 5. HP: 46/47 MP: 4/4
  2869 | D:4      | Found a glowing drain.
  2882 | Sewer    | Entered a sewer
  3042 | Sewer    | Reached skill level 1 in Dodging
  3042 | Sewer    | Reached XP level 6. HP: 20/55 MP: 5/5
  3273 | Sewer    | Found a white marble altar of Elyvilon.
  3431 | D:4      | Found Ybyot's Overcharged Wands.
  3950 | D:5      | Entered Level 5 of the Dungeon
  3967 | D:5      | Reached skill level 5 in Fighting
  3967 | D:5      | Reached skill level 5 in Long Blades
  4104 | D:5      | Reached skill level 6 in Armour
  4154 | D:5      | Mangled by an ogre

Illustrated notes

Levels and vault maps discovered:
D:1:      psy_arrival_conway, layout_basic, chequers_ecumenical_altar_lobes,
          glass_columns_a, minmay_misc_feat_roman
D:2:      layout_basic
D:3:      layout_basic, overflow_temple_1_default, kennysheep_cross_room,
          minmay_misc_feat_tiny
D:4:      layout_basic, portal_sewer_entry_d, glass_columns_b,
          nicolae_shop_overcharged_wands
D:5:      layout_gridville, minmay_temple_entry_overgrown, uniq_eustachio

Skill      XL: |  1  2  3  4  5  6 |
---------------+-------------------+-----
Armour         | 4 5 6 |  6.0
Fighting       | 4 5 |  5.0
Shields        | 4 |  4.4
Long Blades    | 3 4 5 |  5.1
Dodging        | 1 |  1.1
Stealth        | |  0.8

Action                   |  1- 3 |  4- 6 || total
-------------------------+-------+-------++-------
Melee: Long sword        |    86 |    58 ||   144
       Headbutt          |    13 |    14 ||    27
  Use: Scroll            |     4 |       ||     4
Armor: Scale mail        |    51 |    27 ||    78
Dodge: Dodged            |    54 |    35 ||    89
Block: Buckler           |    22 |    16 ||    38
